 Dungeon Crawl Stone Soup version 0.28.0-43-g3370ac3207 (webtiles) character file.

Game seed: 15277067984185833300

35 jimonade the Bolt Thrower (level 3, -3/30 HPs)
             Began as a Minotaur Hunter on Mar 12, 2022.
             Slain by a gnoll
             ... wielding a +0 whip
              (9 damage)
             ... on level 1 of the Dungeon.
             The game lasted 00:04:41 (996 turns).

jimonade the Bolt Thrower (Minotaur Hunter)          Turns: 996, Time: 00:04:42

Health: -3/30      AC:  3    Str: 14 (16) XL:     3   Next: 16%
Magic:  2/2        EV: 11    Int:  5 (8)  God:
Gold:   8          SH:  0    Dex: 11 (12) Spells: 2/2 levels left

rFire   . . .      SeeInvis .   b - +0 short sword
rCold   . . .      Faith    .   (no shield)
rNeg    . . .      Spirit   .   c - +0 leather armour
rPois   .          Reflect  .   (helmet restricted)
rElec   .          Harm     .   (no cloak)
rCorr   .          Rampage  .   (no gloves)
Will    .....                   (no boots)
Stlth   +.........              (no amulet)
HPRegen 0.10/turn               (no ring)
MPRegen 0.08/turn               (no ring)

@: about to teleport
A: horns 2, retaliatory headbutt
a: no special abilities


You were on level 1 of the Dungeon.
You visited 1 branch of the dungeon, and saw 2 of its levels.

You collected 8 gold pieces.

Inventory:

Hand Weapons
 a - a +1 hand crossbow
 b - a +0 short sword (weapon)
Missiles
 d - 8 bolts
 e - 33 stones (quivered)
Armour
 c - a +0 leather armour (worn)
Magical Staves
 g - a staff of conjuration


   Skills:
 * Level 2.9 Fighting
 + Level 0.1 Short Blades
 * Level 5.2 Crossbows
 * Level 1.0 Armour
 - Level 2.1 Dodging
 - Level 0.7 Stealth


You had 2 spell levels left.
You didn't know any spells.
Your spell library contained the following spells:

 Spells                   Type           Power      Damage    Failure   Level
 Conjure Ball Lightning   Conj/Air       0%         3x3d6     100%        6
 Discord                  Hex            0%         N/A       100%        8
 Disjunction              Tloc           0%         N/A       100%        8


Dungeon Overview and Level Annotations

Branches:
Dungeon (2/15)

Altars:


Innate Abilities, Weirdness & Mutations

You have a pair of horns on your head.
You reflexively headbutt those who attack you in melee.


Message History

Increase (S)trength, (I)ntelligence, or (D)exterity?
You feel agile. x2
You shoot a bolt. The bolt barely misses the gnoll. x2
A gnoll comes into view. It is wielding a +0 flail.
The gnoll hits you with a +0 whip!
You shoot a bolt. The bolt hits the gnoll.
The gnoll is moderately wounded.
The gnoll hits you with a +0 whip!
You shoot a bolt. The bolt barely misses the gnoll.
The bolt completely misses the gnoll.
The bolt hits the gnoll!
The gnoll is severely wounded.
The gnoll hits you with a +0 whip.
You are too injured to fight recklessly!
You are too injured to fight recklessly!
You are too injured to fight recklessly!
You are too injured to fight recklessly!
You are too injured to fight recklessly!
You are too injured to fight recklessly!
You are too injured to fight recklessly!
The gnoll hits you with a +0 whip.
* * * LOW HITPOINT WARNING * * *
You climb upwards.
There is a stone staircase leading down here.
You are too injured to fight recklessly!
As you open the door, it creaks loudly! The gnoll hits you but does no damage.
There is an open door here.
The gnoll closely misses you.
b - a +0 short sword (weapon)
It was a potion of degeneration.
There was something very wrong with that liquid.
You feel weakened.
You feel dopey.
You feel clumsy. The gnoll hits you with a +0 whip.
* * * LOW HITPOINT WARNING * * *
This is a scroll of acquirement!
Something appears at your feet! The gnoll barely misses you.
As you read the scroll labelled IRUCHE COTASH, it crumbles to dust.
You feel strangely unstable.
It was a scroll of teleportation.
The gnoll hits you with a +0 whip!
You die...

#.# #.# ##'## #.# ##...##
#.######### ##.....##
###..)......# ###.......##
#.......###.#
.#.........###....##.# #.#
.'.........'.........# #.#
.#.........###.g..##.###.#
###>......## #.#@........#
##.....## #.......#####
##...## ####....# ##'##
#)#### #.# #.#
#.##########.#
######.##.........#
...##...#.######..#
...#......# #..#


You could see a gnoll.

Vanquished Creatures
  A gnoll (D:2)
  4 ball pythons (D:1)
  3 endoplasms (D:1)
  A giant cockroach (D:1)
  4 kobolds (D:1)
  2 quokkas (D:1)
  6 bats (D:1)
  A frilled lizard (D:1)
  A goblin (D:1)
  2 rats (D:1)
25 creatures vanquished.

Notes
Turn   | Place    | Note
-------+----------+-------------------------------------------
     0 | D:1      | jimonade the Minotaur Hunter began the quest for the Orb.
     0 | D:1      | Reached XP level 1. HP: 18/18 MP: 0/0
   330 | D:1      | Reached XP level 2. HP: 25/25 MP: 1/1
   649 | D:1      | Found a faded altar of an unknown god.
   767 | D:1      | Reached skill level 5 in Crossbows
   974 | D:2      | Reached skill level 1 in Armour
   974 | D:2      | Reached XP level 3. HP: 30/30 MP: 2/2
   995 | D:1      | Identified a scroll of acquirement
   995 | D:1      | Acquired the +5 arbalest "Transmigrator" {elec, rN+ MP+9
                  | Int-5}
   996 | D:1      | Slain by a gnoll

Illustrated notes

Levels and vault maps discovered:
D:1:      dpeg_arrival_arbitrary_b, layout_loops_corners,
          dreamdust_ecumenical_altar_statues, serial_bayou_ford_a
D:2:      cheibrodos_helix_gallery, layout_basic

Skill      XL: |  1  2 |
---------------+-------+-----
Crossbows      | 5 |  5.2
Armour         | 1 |  1.0
Fighting       | |  2.9
Short Blades   | |  0.1
Dodging        | |  2.1
Stealth        | |  0.7

Action                   || total
-------------------------++-------
Melee: Short sword       ||     5
 Fire: Hand crossbow     ||    39
  Use: Scroll            ||     2
       Potion            ||     1
Armor: Leather armour    ||    11
Dodge: Dodged            ||    17
